 Dungeon Crawl Stone Soup version 0.30-a0-782-ge64f9170bb (webtiles) character file.

Game seed: 2143990019103258493

22 Flugkiller the Trooper (level 2, 0/19 HPs)
             Began as a Deep Elf Chaos Knight on Mar 3, 2023.
             Was a Plaything of Xom.
             Slain by a jackal (2 damage)
             ... on level 1 of the Dungeon.
             The game lasted 00:00:34 (406 turns).

Flugkiller the Trooper (Deep Elf Chaos Knight)       Turns: 406, Time: 00:00:35

Health: 0/19       AC:  5    Str:  9    XL:     2   Next: 68%
Magic:  4/4        EV: 12    Int: 16    God:    Xom [..*...]
Gold:   40         SH:  0    Dex: 14    Spells: 1/1 levels left

rFire   . . .      SeeInvis .    e - +2 rapier (holy)
rCold   . . .      Faith    .    (no shield)
rNeg    . . .      Spirit   .    b - +2 leather armour
rPois   .          Reflect  .    (no helmet)
rElec   .          Harm     .    (no cloak)
rCorr   .          Rampage  .    (no gloves)
Will    .....                    (no boots)
Stlth   +                        (no amulet)
HPRegen 0.23/turn                (no ring)
MPRegen 0.09/turn                (no ring)

@: no status effects
A: no striking features
a: Renounce Religion


You were on level 1 of the Dungeon.
You worshipped Xom.
You were a toy of Xom.
You visited 1 branch of the dungeon, and saw 1 of its levels.

You collected 40 gold pieces.

Inventory:

Hand Weapons
 a - a +0 short sword of chaos
 e - a +2 rapier of holy wrath (weapon)
   (You found it on level 1 of the Dungeon)
 f - a +0 long sword
   (You found it on level 1 of the Dungeon)
Armour
 b - a +2 leather armour (worn)
Scrolls
 d - a scroll of enchant weapon {unknown}
Miscellaneous
 c - a piece from Xom's chessboard (15/15) (quivered)


   Skills:
 + Level 3.3 Fighting
 - Level 3.0 Short Blades
 - Level 0.7 Armour
 - Level 2.4 Dodging


You had one spell level left.
You didn't know any spells.
Your spell library was empty.

Dungeon Overview and Level Annotations

Branches:
Dungeon (1/15) Zot: 5594

Altars:


Message History

No target in view!
No target in view!
HP restored.
A goblin comes into view. It is wielding a +0 dagger.
Found a long sword and 11 gold pieces.
The goblin shouts!
Found 12 gold pieces.
You see here a +0 long sword.
You hit the goblin.
You kill the goblin!
No target in view!
No target in view!
No target in view!
No target in view!
f - a +0 long sword You now have 28 gold pieces (gained 11).
You now have 40 gold pieces (gained 12).
A frilled lizard comes into view.
The frilled lizard hisses angrily.
The frilled lizard hisses.
A jackal comes into view.
Found 16 gold pieces.
The jackal barks!
You hear an angry hiss.
A jackal comes into view.
The jackal barks!
You hear a bark!
A jackal comes into view.
Unknown command.
A jackal comes into view.
Unknown command.
You open the door. The frilled lizard closely misses you.
Found a stone staircase leading down.
An endoplasm comes into view.
The endoplasm quivers.
There is an open door here.
You hit the frilled lizard.
You kill the frilled lizard!
You closely miss the jackal. The jackal misses you.
The endoplasm jiggles.
The jackal barks!
You hit the jackal.
The jackal is severely wounded.
The jackal bites you but does no damage.
The endoplasm freezes you.
You are frozen.
The jackal bites you but does no damage.
You hit the jackal but do no damage.
The jackal is severely wounded.
The jackal bites you but does no damage.
The jackal closely misses you.
The endoplasm hits you but does no damage.
The jackal closely misses you.
You barely miss the jackal. You punch the jackal.
You kill the jackal!
The jackal bites you but does no damage. x2
The jackal bites you.
The endoplasm hits you but does no damage.
You barely miss the jackal. The jackal closely misses you. x2
The endoplasm freezes you.
You are frozen.
The jackal closely misses you. x2
You hit the jackal.
You kill the jackal!
The jackal bites you but does no damage.
The jackal bites you. The endoplasm freezes you.
You are frozen.
* * * LOW HITPOINT WARNING * * *
You are too injured to fight recklessly!
You are too injured to fight recklessly!
You are too injured to fight recklessly!
You are too injured to fight recklessly!
You are too injured to fight recklessly!
You are too injured to fight recklessly!
You are too injured to fight recklessly!
You are too injured to fight recklessly!
You are too injured to fight recklessly!
Unknown command.
The jackal attacks as you move away! The jackal closely misses you.
The endoplasm freezes you.
You are frozen.
* * * LOW HITPOINT WARNING * * *
The jackal bites you but does no damage.
The jackal attacks as you move away! The jackal barely misses you.
Unknown command.
You aren't carrying any potions.
Unknown command.
You hit the endoplasm.
The endoplasm is almost dead.
The endoplasm closely misses you. The jackal completely misses you.
Unknown command.
You hit the endoplasm but do no damage.
The endoplasm is almost dead.
The jackal misses you. The endoplasm hits you.
* * * LOW HITPOINT WARNING * * *
The jackal bites you but does no damage.
The jackal closely misses you.
Unknown command.
You hit the endoplasm.
You kill the endoplasm!
The jackal barely misses you. The jackal bites you.
You die...

##....# #.# #........#..#
......# #.# #........#..#######
......###.# #........#........#
.......##.# #.................#
.....#..#.# #........#........#
.....##.#.# #....†.†.#........#
.....##...########'###........##
.....####....###hh...#.........#
.....# #.##...#@....#.........#
###+#####......+.....#.........#
#...........###..>..#.........#
#...........# #..............)#
#...........# ###+####........#
##.########## ....#####.##
#.##################### #...
#.....................# ####
#####################.#


You could see 2 jackals.

Vanquished Creatures
  5 endoplasms (D:1)
  A giant cockroach (D:1)
  2 goblins (D:1)
  2 hobgoblins (D:1)
  2 jackals (D:1)
  2 ball pythons (D:1)
  A bat (D:1)
  3 frilled lizards (D:1)
  3 kobolds (D:1)
21 creatures vanquished.

Notes
Turn   | Place    | Note
-------+----------+-------------------------------------------
     0 | D:1      | Flugkiller the Deep Elf Chaos Knight began the quest for
                  | the Orb.
     0 | D:1      | Reached XP level 1. HP: 13/13 MP: 3/3
   137 | D:1      | Reached XP level 2. HP: 18/18 MP: 4/4
   176 | D:1      | XOM: cloud trail
   406 | D:1      | Slain by a jackal

Illustrated notes

Levels and vault maps discovered:
D:1:      amcnicky_arrival_gap_in_the_tavern_cellar, layout_basic

Skill      XL: |  1  2 |
---------------+-------+-----
Fighting       | 3 |  3.3
Short Blades   | |  3.0
Armour         | |  0.7
Dodging        | |  2.4

Action                     || total
---------------------------++-------
  Melee: Short sword       ||    20
         Rapier            ||    32
         Punch             ||     1
 Armour: Leather armour    ||    21
  Dodge: Dodged            ||    39

Table legend: (Time is in decaauts)
 A = Elapsed time spent in this place.
 B = Non-inter-level travel time spent in this place.
 C = Inter-level travel time spent in this place.
 D = Time resting spent in this place.
 E = Time spent auto-exploring this place.
 F = Levels seen in this place.
 G = Mean time per level.
                   A        B        C        D        E       F      G
               +--------+--------+--------+--------+--------+-----+--------+
         Total |    404 |    404 |      0 |     66 |    226 |   1 |  404.0 |
       Dungeon |    404 |    404 |      0 |     66 |    226 |   1 |  404.0 |
               +--------+--------+--------+--------+--------+-----+--------+

Top non-repeatable levels by time:
     D:1: 404 daAuts
